 Dungeon Crawl Stone Soup version 0.31.0-12-g77e489cdc1 (webtiles) character file.

Game seed: 16983261384492179020

277 12345 the Slasher (level 6, -1/48 HPs)
             Began as a Vampire Gladiator on Mar 5, 2024.
             Succumbed to Crazy Yiuf's poison
             ... on level 3 of the Dungeon.
             The game lasted 00:05:23 (2599 turns).

12345 the Slasher (Vampire Gladiator)               Turns: 2599, Time: 00:05:24

Health: -1/48      AC:  7    Str: 13    XL:     6   Next: 4%
Magic:  6/6        EV: 12    Int: 10    God:
Gold:   134        SH:  0    Dex: 18    Spells: 5/5 levels left

rFire   + . .        b - +1 dagger (venom)
rCold   + . .        (no shield)
rNeg    . . .        g - +0 ring mail
rPois   +            c - +0 helmet
rElec   +            m - +0 cloak
rCorr   +            (no gloves)
SInv    +            (no boots)
Will    .....        (no amulet)
Stlth   +            i - ring of flight
HPRegen 0.48/turn    (no ring)
MPRegen 0.10/turn

%: no passive effects
@: lethally poisoned (-1 -> -21), resistant, flying, healing quickly
A: alive, fangs 3, see invisible, vampiric 2
a: Exsanguinate


You were on level 3 of the Dungeon.
You visited 1 branch of the dungeon, and saw 3 of its levels.

You collected 134 gold pieces.

Inventory:

Hand Weapons
 a - a +0 scimitar of electrocution
 b - a +1 dagger of venom (weapon)
Missiles
 d - 2 throwing nets (quivered)
 e - 4 javelins
 o - 3 silver javelins
 r - 6 poisoned darts
Armour
 c - a +0 helmet (worn)
 g - a +0 ring mail (worn)
 m - a +0 cloak (worn)
Jewellery
 i - a ring of flight (left hand)
Scrolls
 h - a scroll of poison {unknown}
 j - 2 scrolls of vulnerability
 k - a scroll of revelation {unknown}
 l - a scroll of enchant weapon {unknown}
 n - 2 scrolls of teleportation
 p - a scroll of identify
Potions
 f - a potion of attraction
 s - a potion of haste {unknown}
 t - a potion of might {unknown}
 u - a potion of curing {unknown}


   Skills:
 * Level 3.8 Fighting
 * Level 4.9 Long Blades
 - Level 1.5 Throwing
 + Level 4.4 Dodging


You had 5 spell levels left.
You didn't know any spells.
Your spell library contained the following spells:

 Spells                   Type           Power      Damage    Failure   Level
 Apportation              Tloc           0%         N/A       63%         1
 Ensorcelled Hibernation  Hex/Ice        0%         N/A       77%         2
 Jinxbite                 Hex            0%         N/A       77%         2
 Fugue of the Fallen      Necr           0%         N/A       94%         3
 Anguish                  Hex/Necr       0%         N/A       100%        4
 Alistair's Intoxication  Alch           0%         N/A       100%        5


Dungeon Overview and Level Annotations

Branches:
Dungeon (3/15)

Altars:
Ashenzari
Dithmenos

Shops:
D:2 =

Annotations:
D:3 1 runed translucent door, Crazy Yiuf; Marvel's ghost, amateur GrFi


Innate Abilities, Weirdness & Mutations

Your natural rate of healing is accelerated.
You have razor-sharp teeth.
You have supernaturally acute eyesight. (SInv)
You are afflicted with vampirism and can become a bat while bloodless.


Message History

Marvel's ghost turns its malevolent gaze towards you.
You see here a +0 whip.
You see here a +0 club.
You see here a +0 long sword.
Items here: ))) [[.
You see here a +0 hammer.
You see here a +0 hammer.
Crazy Yiuf shouts!
Could not explore, unopened runed door.
Could not explore, unopened runed door.
Could not explore, unopened runed door.
Your +0 scimitar of electrocution stops crackling.
Your +1 dagger of venom begins to drip with poison!
b - a +1 dagger of venom (weapon)
You reach down and open the door.
You closely miss Crazy Yiuf.
Crazy Yiuf says, "Pitchfork pontify rumpyflump!"
Crazy Yiuf hits you with a +4 quarterstaff of chaos!
Crazy Yiuf burns you.
You hit Crazy Yiuf.
Crazy Yiuf is poisoned.
Crazy Yiuf is lightly wounded.
Crazy Yiuf hits you with a +4 quarterstaff of chaos!
You are poisoned.
You hit Crazy Yiuf but do no damage.
Crazy Yiuf looks as sick as possible!
Crazy Yiuf is lightly wounded.
You feel very sick.
Crazy Yiuf hits you with a +4 quarterstaff of chaos!
* * * LOW HITPOINT WARNING * * *
Crazy Yiuf draws strength from your wounds!
Unknown command.
Unknown command.
* * * LOW HITPOINT WARNING * * *
You feel very sick. Crazy Yiuf attacks as he pursues you!
Crazy Yiuf hits you with a +4 quarterstaff of chaos.
* * * LOW HITPOINT WARNING * * *
You are more poisoned.
It was a potion of resistance.
You feel protected.
You die...

.#######.....#.# .#
#...'.....#.# .#
#.########### .# #.#
.###.### ..##.#.# ###
♣♣#### ...#.#.##
#).)#♣♣ ♣♣P...##
.#.#.#..#
#...'g♣♣♣♣.P....#
.#...#.##
#.).#♣@)♣.PP....#
.....>..# ###
♣♣♣)♣....#.#
.###.##.# ♣♣♣♣♣##..#
.# #....# #.## .#
###..# ### #.# .#
#..#########.######.#
.#
#.................).#
.#
#.###################
.# #.#


You could see Crazy Yiuf (extremely poisoned).

Vanquished Creatures
  A kobold brigand (D:3)
  2 orc priests (D:3)
  4 gnolls
  3 adders
  2 ribbon worms
  6 orcs (D:3)
  4 bats
  4 endoplasms
  A giant cockroach (D:1)
  11 goblins
  9 hobgoblins
  3 jackals (D:1)
  9 kobolds
  3 quokkas (D:3)
  5 ball pythons
  2 frilled lizards (D:3)
  5 rats
74 creatures vanquished.

Notes
Turn   | Place    | Note
-------+----------+-------------------------------------------
     0 | D:1      | 12345 the Vampire Gladiator began the quest for the Orb.
     0 | D:1      | Reached XP level 1. HP: 16/16 MP: 1/1
   179 | D:1      | Reached XP level 2. HP: 19/22 MP: 2/2
   572 | D:2      | Found Kakhlom's Jewellery Shoppe.
   724 | D:1      | Gained mutation: You are afflicted with vampirism and can
                  | become a bat while bloodless. [Vampire growth]
   724 | D:1      | Reached XP level 3. HP: 28/28 MP: 3/3
   870 | D:2      | Reached XP level 4. HP: 15/34 MP: 4/4
  1157 | D:2      | Found a faded altar of an unknown god.
  1558 | D:3      | Found a runed translucent door.
  1628 | D:3      | Found a broken altar of Ashenzari.
  1767 | D:3      | Reached XP level 5. HP: 27/41 MP: 5/5
  1893 | D:3      | Found a shadowy altar of Dithmenos.
  1937 | D:3      | HP: 2/42 [hobgoblin/+0 club (1)]
  2151 | D:3      | Reached XP level 6. HP: 35/48 MP: 6/6
  2191 | D:3      | Found a runed translucent door.
  2192 | D:3      | Noticed Crazy Yiuf
  2511 | D:3      | Noticed Marvel's ghost (amateur GrFi)
  2599 | D:3      | Succumbed to Crazy Yiuf's poison

Illustrated notes

Levels and vault maps discovered:
D:1:      eino_arrival_cavern_e, layout_rooms
D:2:      layout_basic, basic_ecumenical_altar, serial_shops, shop
D:3:      cheibrodos_thug_alley, layout_basic,
          mainiacjoe_overflow_large_starburst, ebering_ghost_reflecting_pool,
          serial_bayou_pond_e, minmay_tree_intersection,
          small_statue_intersection, uniq_crazy_yiuf_cottage

Skill      XL: |  1  2  3  4 |
---------------+-------------+-----
Fighting       | 2 3 |  3.8
Long Blades    | 4 |  4.9
Dodging        | 4 |  4.4
Throwing       | |  1.5

Action                     |  1- 3 |  4- 6 || total
---------------------------+-------+-------++-------
  Melee: Long sword        |    89 |    62 ||   151
         Bite              |     9 |     6 ||    15
         Punch             |     1 |     1 ||     2
         Scimitar          |       |    64 ||    64
         Dagger            |       |     3 ||     3
  Throw: Throwing net      |     1 |       ||     1
    Use: Scroll            |       |     4 ||     4
         Potion            |       |     2 ||     2
   Stab: Sleeping          |     1 |       ||     1
         Held in net/web   |     2 |       ||     2
 Armour: Leather armour    |    49 |    22 ||    71
         Ring mail         |       |    59 ||    59
  Dodge: Dodged            |    77 |    85 ||   162
